 Dungeon Crawl Stone Soup version 0.26-a0-651-gb41185065b (webtiles) character file.

Game seed: 485985940117464263

(classic levelgen) 314987 EnegeticOcto the Severer (level 20, -13/201 HPs)
             Began as a Deep Dwarf Fighter on Oct 9, 2020.
             Was the Champion of Makhleb.
             Mangled by an Orb Guardian (20 damage)
             ... on level 5 of the Realm of Zot.
             The game lasted 00:19:33 (18433 turns).

EnegeticOcto the Severer (Deep Dwarf Fighter)      Turns: 18433, Time: 00:19:33

Health: -13/201    AC: 28    Str: 24 (29) XL:     20   Next: 11%
Magic:  8/18       EV: 14    Int:  4      God:    Makhleb [******]
Gold:   1219       SH: 14    Dex: 15      Spells: 19/19 levels left

rFire    + + .     SeeInvis +   a - +8 broad axe (flame)
rCold    + + .     Faith    +   f - +0 kite shield {rPois}
rNeg     + . .     Spirit   .   T - +0 storm dragon scales
rPois    +         Reflect  .   L - +2 helmet
rElec    +         Harm     .   Q - scarf {rC+ rF+}
rCorr    .         Rampage  .   H - +2 pair of gloves {Dex+3}
MR       +++..                  v - +2 pair of boots {Fly}
Stlth    ..........             b - amulet of faith
HPRegen  0.00/turn              e - ring of protection from fire
MPRegen  0.16/turn              P - ring of Jerorar {rPois rC+ Int-3 SInv}

@: mighty, about to teleport, no potions, flying, non-regenerating, hasted, very
quick
A: damage resistance, heal wounds, dopey 1, negative energy resistance 1, sense
surroundings 3, no regeneration
0: Orb of Zot
}: 3/15 runes: serpentine, barnacled, abyssal
a: Heal Wounds, Minor Destruction, Lesser Servant of Makhleb, Major Destruction,
Greater Servant of Makhleb, Renounce Religion, Stop Flying


You were on level 5 of the Realm of Zot.
You worshipped Makhleb.
Makhleb was exalted by your worship.
You visited 8 branches of the dungeon, and saw 40 of its levels.
You visited the Abyss 2 times.
You also visited: Bailey.

You collected 2272 gold pieces.
You spent 1053 gold pieces at shops.

Inventory:

Hand Weapons
 a - a +8 broad axe of flaming (weapon)
 J - a +0 short sword of distortion
Missiles
 o - 8 throwing nets (quivered)
Armour
 f - a +0 kite shield of poison resistance (worn)
 s - a +1 cloak
 v - a +2 pair of boots of flying (worn)
 C - the +0 tower shield of the Merchant {-Cast Harm rF+ SInv}
   (You found it in a bailey)

   It protects you from fire.
   It lets you see invisible.
   It prevents spellcasting.
   It increases damage dealt and taken.
 H - a +2 pair of gloves of dexterity (worn)
 L - a +2 helmet (worn)
 M - a +4 crystal plate armour
 Q - a scarf of resistance (worn)
 T - +0 storm dragon scales (worn)
Jewellery
 b - an amulet of faith (around neck)
 e - a ring of protection from fire (left hand)
 B - a +4 ring of evasion
 O - an uncursed ring of ice
 P - the ring of Jerorar (right hand) {rPois rC+ Int-3 SInv}
   (You acquired it on level 2 of the Snake Pit)

   [ring of protection from cold]

   It affects your intelligence (-3).
   It protects you from cold.
   It protects you from poison.
   It lets you see invisible.
Wands
 c - a wand of paralysis (17)
 k - a wand of enslavement (8)
 l - a wand of iceblast (38) {@v2}
 y - a wand of polymorph (29)
 R - a wand of acid (7) {@v1}
Scrolls
 g - 2 scrolls of fear
 n - 3 scrolls of fog
 r - a scroll of teleportation {@r3}
 u - 7 scrolls of remove curse {@r2}
 z - a scroll of silence
 A - 3 scrolls of immolation {@r4}
 K - 9 scrolls of identify {@r1}
Potions
 d - 5 potions of might {@q3}
 h - 8 potions of curing {@q1}
 i - 2 potions of cancellation
 j - 4 potions of mutation
 m - 5 potions of haste {@q4}
 p - 3 potions of ambrosia
 q - 5 potions of heal wounds {@q2}
 t - 5 potions of magic
 D - 2 potions of berserk rage
 E - a potion of resistance {@q6}
 F - a potion of invisibility
 G - a potion of stabbing {@q5}
 S - a potion of lignification {unknown}
Miscellaneous
 I - a condenser vane (2/2)
 N - a phantom mirror


   Skills:
 * Level 17.2 Fighting
 - Level 18.0 Axes
 + Level 16.5 Armour
 - Level 9.2 Dodging
 - Level 15.0 Shields
 + Level 17.8 Invocations
 - Level 10.0 Evocations


You had 19 spell levels left.
You didn't know any spells.
Your spell library was empty.

Dungeon Overview and Level Annotations

Branches:
Dungeon (15/15)            Temple (1/1) D:7            Lair (4/6) D:8
 Shoals (4/4) Lair:3        Snake (4/4) Lair:4          Orc (2/2) D:10
    Elf (0/3) Orc:2        Vaults (0/5) D:14         Depths (5/5) D:15
    Zot (5/5) Depths:5     Bailey (visited)

Altars:
Ashenzari
Cheibriados
Elyvilon
Fedhas
Gozag
Hepliaklqana
Kikubaaqudgha
Makhleb
Nemelex Xobeh
Okawaru
Ru
Trog
Uskayaw
Vehumet
Wu Jian
Yredelemnul
Zin
The Shining One

Shops:
D:5 (   D:7 (   Orc:1 *   Orc:2 *!

Portals:
Hell: Depths:3
Abyss: Depths:2
Pandemonium: Depths:3
Ziggurat: Depths:1

Annotations:
D:8 2 transporters
Zot:5 exclusion: obsidian statue


Innate Abilities, Weirdness & Mutations

You are resistant to damage.
You can heal yourself by infusing magical energy.
You resist negative energy. (rN+)
You passively map a large area around you.
You do not regenerate.
You are dopey. (Int -2)


Message History

You feel better.
No target in view!
No target in view!
Marking area around an obsidian statue as unsafe for travelling.
The Killer Klown blinks!
An Orb Guardian comes into view.
Found a potion of curing.
An electric golem and a tentacled monstrosity come into view.
The electric golem hurls lightning at you.
The bolt of lightning hits you! You resist.
Found a potion of berserk rage.
Okay, then.
The Orb Guardian hits you!!
The Killer Klown blinks!
You feel much better.
The electric golem blinks!
The Orb Guardian hits you but does no damage.
A moth of wrath comes into view.
The moth of wrath's fur bristles in rage as it notices you.
The electric golem fails to trigger a net trap.
An orb of fire comes into view. x2
The electric golem hurls lightning at you.
The bolt of lightning hits you! You resist.
Found 39 gold pieces.
A moth of wrath comes into view.
The moth of wrath's fur bristles in rage as it notices you.
The orb of fire glows bright magenta.
The bolt of fire hits you! You resist.
The orb of fire glows yellow.
The bolt of fire hits you! You resist.
Press: ? - help, Dir - move target cursor
As you read the scroll of blinking, it crumbles to dust.
A quicksilver dragon, a moth of wrath, 2 Orb Guardians and an orb of fire come into view.
The quicksilver dragon roars deafeningly!
The moth of wrath's fur bristles in rage as it notices you.
The moth of wrath goads the quicksilver dragon on!
The quicksilver dragon goes berserk!
The quicksilver dragon rages.
The orb of fire emits a lurid red light.
The fireball explodes!
The fireball engulfs you!! You resist.
The electric golem hurls lightning at you.
The bolt of lightning hits you! You resist.
The orb of fire glows red.
The fireball explodes!
The fireball engulfs you!! You resist.
The orb of fire glows yellow.
The fireball explodes!
The fireball engulfs you.
You resist. 3 Orb Guardians come into view.
An Orb Guardian comes into view. x2
The orb of fire emits a lurid red light.
The bolt of fire hits you! You resist.
* * * LOW HITPOINT WARNING * * *
You block the quicksilver dragon's attack. x2
The quicksilver dragon closely misses you.
The quicksilver dragon barely misses you.
Found the Orb of Zot.
Press: ? - help, Dir - move target cursor
As you read the scroll of blinking, it crumbles to dust. 5 Orb Guardians come into view.
The world stops spinning.
You hear a deafening roar!
As you read the scroll of teleportation {@r3}, it crumbles to dust.
You feel strangely unstable.
You feel the Orb delaying your translocation!
You hear a loud "Zot"!
The power of Zot is invoked against you!
You feel weakened. You block the Orb Guardian's attack. x3
You pick up the Orb of Zot!
The Orb lets out a hideous shriek!
The lords of Pandemonium are not amused.
Beware!
Now all you have to do is get back out of the dungeon!
You hear a shout! x2; You hear a roar!
You block the Orb Guardian's attack.
The Orb Guardian hits you but does no damage.
The Orb Guardian misses you.
You feel much better.
The Orb Guardian hits you but does no damage.
You block the Orb Guardian's attack. x2; The Orb Guardian hits you!!
* * * LOW HITPOINT WARNING * * *
The Orb Guardian hits you!!
* * * LOW HITPOINT WARNING * * *
The Orb Guardian hits you but does no damage.
You block the Orb Guardian's attack.
You feel much better.
The quicksilver dragon rages.
The Orb Guardian hits you!!
* * * LOW HITPOINT WARNING * * *
The Orb Guardian hits you. The Orb Guardian hits you!!
* * * LOW HITPOINT WARNING * * *
The Orb Guardian hits you but does no damage.
The Orb Guardian closely misses you.
The moth of wrath goads the Orb Guardian on!
The Orb Guardian goes berserk!
You block the Orb Guardian's attack. x2
The Orb Guardian barely misses you.
You feel much better.
The Orb Guardian hits you but does no damage.
You block the Orb Guardian's attack. x2; The Orb Guardian hits you!!
* * * LOW HITPOINT WARNING * * *
The Orb Guardian completely misses you. The Orb Guardian barely misses you.
The Orb Guardian hits you!!
* * * LOW HITPOINT WARNING * * *
The Orb Guardian hits you!!
You die...

**** #▓▓▓▓▓▓▓▓ * ▓▓▓....
* ##▓^^..... ^ , , *
##........^ , ▓▓▓▓▓▓▓▓▓
#.....^.... ,, ,,
*▓▓^......▓▓▓......8...
, ,
▓▓....XX...▓▓.^..*.....
,
.▓....XXXD...▓*....^....
^
.....XX@X*...y*...y*....
,, ,
.▓..^.XXXX...▓8.........
,
▓▓.........▓▓y.........
, ^
▓▓....^..▓▓▓..........
^^, , ▓▓▓▓▓▓▓▓▓
▓.......... ,
▓▓......... , *
▓▓▓....... , ** ▓▓▓▓....
* ▓▓▓▓


You could see 3 orbs of fire, an electric golem, a quicksilver dragon (berserk),
12 Orb Guardians and a moth of wrath.

Vanquished Creatures
  An ancient lich (Zot:5)
  A curse toe (Zot:5)
  Nikola (Depths:1)
  5 golden dragons
  Rupert (D:15)
  A lich (Depths:2)
  5 tentacled monstrosities
  A titan (Depths:2)
  6 Orb Guardians (Zot:5)
  2 sphinxes (Depths:2)
  A quicksilver dragon (Zot:3)
  2 death cobs
  Polyphemus (Shoals:3)
  A tentacled starspawn (Abyss:4)
  A tengu reaver (Depths:2)
  A storm dragon (Depths:5)
  Donald (Shoals:3)
  8 nagarajas (Snake:4)
  A shadow dragon (Zot:2)
  Ilsuiw (Shoals:2)
  2 draconian monks
  A fire giant (D:15)
  2 frost giants
  An iron dragon (Depths:2)
  2 draconian knights
  2 ghost moths
  Louise (Depths:2)
  Aizul (Snake:4)
  4 draconian scorchers
  2 draconian shifters
  A draconian stormcaller (Zot:2)
  6 very ugly things
  7 stone giants
  4 draconian annihilators
  3 vampire knights
  4 black draconians
  3 purple draconians
  2 green draconians
  4 white draconians
  3 red draconians
  4 yellow draconians
  4 ettins
  An eidolon (Abyss:4)
  4 merfolk javelineers
  A great orb of eyes (Depths:1)
  4 fire dragons
  6 merfolk impalers
  A deep elf high priest (Depths:2)
  3 ogre magi (Depths:2)
  2 yaktaur captains (Depths:5)
  Harold (D:7)
  3 hydras
  A rakshasa (Depths:2)
  9 naga warriors
  A spriggan air mage (Depths:3)
  5 ice dragons
  4 merfolk avatars
  A centaur warrior (D:14)
  4 merfolk aquamancers (Shoals:4)
  A catoblepas (Shoals:3)
  4 anacondas
  2 death knights
  2 deep troll earth magi
  2 satyrs (Shoals:4)
  7 two-headed ogres
  A deep troll shaman (Depths:2)
  3 death yaks (Shoals:3)
  A vampire mage (Depths:2)
  An orc high priest (Orc:1)
  2 tengu warriors
  6 shock serpents
  8 naga sharpshooters
  2 wretched stars (Abyss:4)
  A fire crab (shapeshifter) (Depths:2)
  2 skeletal warriors
  7 hell knights
  3 starcursed masses (Abyss:4)
  2 deep trolls (Depths:2)
  2 unseen horrors
  2 large abominations (Abyss:4)
  12 sea snakes
  2 glowing orange brains
  3 naga ritualists
  3 wizards
  2 orc knights
  12 harpies
  A wolf spider zombie (D:14)
  2 oklob plants (Lair:2)
  An orc sorcerer (Orc:1)
  14 manticores
  3 mana vipers
  28 ugly things
  A salamander (Snake:2)
  7 moths of wrath
  A cyclops (D:13)
  9 elephants
  2 centaur zombies
  5 fauns
  9 naga magi
  Joseph (D:7)
  8 merfolk sirens
  10 black mambas
  5 guardian serpents
  6 cane toads
  4 gargoyles
  8 water nymphs
  4 spectral swamp worms (Depths:3)
  Maggie (Lair:2)
  A rime drake (Lair:2)
  A kobold demonologist (D:14)
  A freezing wraith (D:12)
  7 yaktaurs
  2 hellwings (Orc:2)
  2 komodo dragons (Lair:4)
  6 trolls
  2 tengu conjurers (Depths:3)
  33 merfolk
  3 meliai (Abyss:4)
  A queen bee (Abyss:4)
  4 wind drakes
  A jumping spider (shapeshifter) (Depths:1)
  A hornet (D:14)
  12 slime creatures
  5 blink frogs (Lair:3)
  A hippogriff (shapeshifter) (Depths:3)
  2 meliai zombies (D:14)
  Prince Ribbit (D:7)
  8 hippogriffs
  5 dream sheep
  6 snapping turtles
  Sigmund (D:6)
  6 wraiths
  8 water elementals
  2 shadows (D:14)
  3 vampires
  A ynoxinul (Abyss:4)
  4 wyverns
  8 yaks
  3 basilisks
  A chaos spawn (Orc:2)
  2 neqoxecs (Abyss:4)
  A steam dragon (D:14)
  Grum (D:9)
  Menkaure (D:6)
  9 vampire mosquitoes
  2 wargs (Orc:2)
  33 nagas
  3 acid dragons
  A floating eye (Depths:2)
  3 porcupines
  14 water moccasins
  Duvessa (D:6)
  5 phantoms
  34 orc warriors
  13 ogres
  2 ice beasts
  6 sky beasts
  7 wolves
  4 boggarts (D:14)
  2 eyes of draining
  15 centaurs
  11 crocodiles
  A big kobold (D:14)
  9 bullfrogs
  A gnoll sergeant (D:8)
  Dowan (D:6)
  3 scorpions
  25 killer bees
  7 howler monkeys
  19 wights
  2 electric eels (D:14)
  A bullfrog zombie (D:8)
  A quasit (D:9)
  8 jellies
  5 hounds
  21 orc priests
  Crazy Yiuf (D:4)
  3 bullfrog skeletons
  22 orc wizards
  3 centaur skeletons
  3 iguanas
  10 worker ants
  A hound zombie (D:11)
  A howler monkey skeleton (D:4)
  A worker ant zombie (D:9)
  11 adders
  10 gnolls
  A shadow imp (D:9)
  2 white imps
  An ufetubus (D:10)
  An ooze (D:3)
  An adder zombie (D:6)
  2 adder skeletons
  A worm (D:2)
  A dart slug (D:5)
  6 leopard geckos
  90 orcs
  2 bats
  4 giant cockroaches
  A goblin (D:10)
  A hobgoblin (D:3)
  5 jackals
  2 quokkas
  2 ball pythons (Lair:4)
  A frilled lizard (D:3)
  6 kobolds
  2 leopard gecko zombies
  A quokka skeleton (D:5)
  3 rats
999 creatures vanquished.

Vanquished Creatures (collateral kills)
  2 golden dragons
  A bone dragon (Depths:5)
  A tentacled monstrosity (Zot:2)
  A death cob (Zot:3)
  A storm dragon (Zot:3)
  A shadow dragon (Zot:5)
  A draconian monk (Depths:5)
  A draconian scorcher (Zot:4)
  A draconian stormcaller (Depths:5)
  A green draconian (Depths:5)
  3 yellow draconians (Depths:5)
  A merfolk impaler (Shoals:4)
  A naga warrior (Snake:4)
  A death yak (Shoals:3)
  A spriggan berserker (Depths:5)
  A sea snake (Snake:4)
  A manticore (Shoals:4)
  3 cyclopes
  2 black mambas (Snake:4)
  A moth of wrath (Zot:4)
  A guardian serpent (Snake:4)
  A water nymph (Shoals:3)
  2 meliai (Abyss:4)
  8 merfolk
  2 wind drakes (Shoals:4)
  3 dream sheep
  2 nagas (Snake:4)
  An orc warrior (Orc:2)
46 creatures vanquished.

Vanquished Creatures (others)
  A white draconian (Zot:2)
  A naga warrior (Snake:4)
  A rakshasa (Depths:1)
  A sky beast (D:8)
  A starcursed mass (Abyss:4)
  An orc priest (Orc:1)
  6 fungi
  A lurking horror (Abyss:4)
  72 plants
  4 starspawn tentacles (Abyss:4)
89 creatures vanquished.

Grand Total: 1134 creatures vanquished

Notes
Turn   | Place    | Note
-------+----------+-------------------------------------------
     0 | D:1      | EnegeticOcto the Deep Dwarf Fighter began the quest for the
                  | Orb.
     0 | D:1      | Reached XP level 1. HP: 20/20 MP: 1/1
    64 | D:2      | Reached XP level 2. HP: 27/27 MP: 2/2
    95 | D:2      | Reached skill level 3 in Axes
    95 | D:2      | Reached XP level 3. HP: 26/33 MP: 2/2
   314 | D:3      | Found a faded altar of an unknown god.
   358 | D:4      | Reached XP level 4. HP: 31/42 MP: 3/3
   406 | D:4      | Reached skill level 4 in Axes
   406 | D:4      | Reached XP level 5. HP: 49/49 MP: 4/4
   461 | D:4      | Reached XP level 6. HP: 40/57 MP: 5/5
   516 | D:4      | Found a runed translucent door.
   517 | D:4      | Noticed Crazy Yiuf
   632 | D:4      | Reached skill level 5 in Axes
   952 | D:4      | Paralysed by Crazy Yiuf for 5 turns
   965 | D:4      | Killed Crazy Yiuf
  1037 | D:5      | Entered Level 5 of the Dungeon
  1043 | D:5      | Reached XP level 7. HP: 39/64 MP: 6/6
  1111 | D:5      | Reached skill level 5 in Armour
  1130 | D:5      | Reached skill level 5 in Shields
  1166 | D:5      | Reached skill level 6 in Axes
  1258 | D:5      | Found Picreoco's Antique Weapon Shop.
  1408 | D:5      | Found a basalt altar of Yredelemnul.
  1492 | D:5      | Reached XP level 8. HP: 65/73 MP: 6/6
  1692 | D:6      | Reached skill level 7 in Axes
  1818 | D:5      | Bought a runed broad axe for 140 gold pieces
  1848 | D:6      | Reached skill level 5 in Fighting
  1909 | D:6      | Noticed Menkaure
  1914 | D:6      | Killed Menkaure
  1993 | D:6      | Reached skill level 8 in Axes
  2405 | D:6      | Gained mutation: You passively map the area around you.
                  | [Deep Dwarf growth]
  2405 | D:6      | Reached XP level 9. HP: 58/81 MP: 5/5
  2410 | D:6      | Noticed Sigmund
  2414 | D:6      | Killed Sigmund
  2495 | D:6      | Noticed Duvessa
  2495 | D:6      | Noticed Dowan
  2503 | D:6      | Killed Duvessa
  2524 | D:6      | Killed Dowan
  2524 | D:6      | Reached skill level 9 in Axes
  2573 | D:6      | Found a glowing silver altar of Zin.
  2573 | D:6      | Found a broken altar of Ashenzari.
  2578 | D:6      | Found a hide-covered altar of Uskayaw.
  2583 | D:6      | Found a white marble altar of Elyvilon.
  2584 | D:6      | Found a bloodstained altar of Trog.
  2696 | D:7      | Found a staircase to the Ecumenical Temple.
  2710 | Temple   | Entered the Ecumenical Temple
  2759 | Temple   | Became a worshipper of Makhleb the Destroyer
  2799 | D:7      | Noticed Harold
  2811 | D:7      | Killed Harold
  2882 | D:7      | Noticed Prince Ribbit
  2884 | D:7      | Killed Prince Ribbit
  3123 | D:7      | Found Hythresi's Weapon Shop.
  3243 | D:7      | Noticed Joseph
  3263 | D:7      | Killed Joseph
  3263 | D:7      | Reached skill level 10 in Axes
  3263 | D:7      | Reached XP level 10. HP: 84/92 MP: 8/8
  3674 | D:8      | Reached * piety under Makhleb
  4044 | D:8      | Found a staircase to the Lair.
  4072 | D:8      | Found a transporter.
  4092 | D:8      | Found a transporter.
  4280 | D:9      | Noticed Grum
  4287 | D:9      | Killed Grum
  4296 | D:9      | Reached skill level 5 in Invocations
  4420 | D:9      | Reached ** piety under Makhleb
  4420 | D:9      | Reached skill level 11 in Axes
  4817 | D:10     | Entered Level 10 of the Dungeon
  4962 | D:10     | Reached *** piety under Makhleb
  4966 | D:10     | Noticed a two-headed ogre
  4977 | D:10     | Killed a two-headed ogre
  4977 | D:10     | Reached XP level 11. HP: 79/100 MP: 10/10
  5001 | D:10     | Found a staircase to the Orcish Mines.
  5424 | D:10     | Reached **** piety under Makhleb
  5532 | D:11     | Noticed a green ugly thing
  5541 | D:11     | Killed a green ugly thing
  5541 | D:11     | Reached skill level 12 in Axes
  5731 | D:11     | Noticed an eight-headed hydra
  5742 | D:11     | Killed a one-headed hydra
  6212 | D:12     | Noticed a death knight
  6212 | D:12     | Noticed a two-headed ogre
  6212 | D:12     | Noticed a cyan ugly thing
  6212 | D:12     | Noticed a skeletal warrior
  6218 | D:12     | Killed a two-headed ogre
  6231 | D:12     | Killed an unseen horror
  6233 | D:12     | Killed a death knight
  6235 | D:12     | Killed a skeletal warrior
  6235 | D:12     | Reached XP level 12. HP: 76/110 MP: 11/13
  6250 | D:12     | Reached ***** piety under Makhleb
  6251 | D:12     | Reached skill level 13 in Axes
  6350 | D:12     | Reached skill level 10 in Armour
  6448 | D:12     | Reached skill level 10 in Shields
  6631 | D:12     | Noticed a four-headed hydra
  6638 | D:12     | Killed a one-headed hydra
  6944 | Lair:1   | Entered Level 1 of the Lair of Beasts
  7254 | Lair:2   | Noticed Maggie
  7260 | Lair:2   | Killed Maggie
  7310 | Lair:2   | Reached skill level 1 in Evocations
  7636 | Lair:2   | Reached skill level 1 in Dodging
  7928 | Lair:3   | Found a staircase to the Shoals.
  7936 | Lair:3   | Reached skill level 14 in Axes
  8326 | Lair:3   | Reached ****** piety under Makhleb
  8420 | Lair:3   | Reached XP level 13. HP: 121/121 MP: 14/14
  9085 | Lair:4   | Found a glowing silver altar of Zin.
  9091 | Lair:4   | Reached skill level 10 in Invocations
  9258 | Lair:4   | Found a staircase to the Snake Pit.
  9922 | Orc:1    | Entered Level 1 of the Orcish Mines
  9922 | Orc:1    | Found Wawix's Assorted Antiques.
 10117 | Orc:2    | Entered Level 2 of the Orcish Mines
 10187 | Orc:2    | Found a staircase to the Elven Halls.
 10400 | Orc:2    | Noticed Sonja
 10401 | Orc:2    | Noticed Sonja
 10401 | Orc:2    | Sonja changed into Sonja the basilisk
 10416 | Orc:2    | Killed Sonja the basilisk
 10491 | Orc:2    | Found Rutih's Distillery.
 10512 | Orc:2    | Found Jerent's General Store.
 10543 | Orc:2    | Bought a potion of haste for 130 gold pieces
 10543 | Orc:2    | Bought a potion of haste for 130 gold pieces
 10543 | Orc:2    | Bought a potion of might for 52 gold pieces
 10543 | Orc:2    | Bought a potion of might for 52 gold pieces
 10543 | Orc:2    | Bought a potion of curing for 39 gold pieces
 10543 | Orc:2    | Bought a potion of curing for 39 gold pieces
 10543 | Orc:2    | Bought a potion of curing for 39 gold pieces
 10543 | Orc:2    | Bought a potion of curing for 39 gold pieces
 10545 | Orc:2    | Bought a scroll of enchant armour for 82 gold pieces
 10545 | Orc:2    | Bought a +2 helmet for 181 gold pieces
 10694 | Orc:1    | Bought a tubular peridot ring for 130 gold pieces
 10870 | Shoals:1 | Entered Level 1 of the Shoals
 11017 | Shoals:1 | Reached skill level 5 in Evocations
 11405 | D:14     | Reached skill level 15 in Axes
 11475 | D:14     | Gained mutation: You resist negative energy. (rN+) [Deep
                  | Dwarf growth]
 11475 | D:14     | Reached XP level 14. HP: 122/130 MP: 15/15
 11676 | D:14     | Found a flagged portal.
 11690 | Bailey   | Entered a bailey
 11949 | Bailey   | Got a heavily runed tower shield
 11959 | Bailey   | Identified the cursed +0 tower shield of the Merchant
                  | {-Cast Harm rF+ SInv} (You found it in a bailey)
 12034 | D:14     | Reached skill level 5 in Dodging
 12215 | D:14     | Reached skill level 10 in Fighting
 12220 | D:14     | Found a gate to the Vaults.
 12346 | D:14     | Identified a scroll of acquirement
 12346 | D:14     | Acquired a +2 pair of gloves of dexterity
 12387 | D:15     | Entered Level 15 of the Dungeon
 12415 | D:15     | Found a white marble altar of Elyvilon.
 12682 | D:15     | Noticed Rupert
 12696 | D:15     | Killed Rupert
 12851 | D:15     | Found a staircase to the Depths.
 12851 | D:15     | Noticed a fire giant
 12865 | D:15     | Killed a fire giant
 13478 | Shoals:2 | Reached skill level 16 in Axes
 13483 | Shoals:2 | Reached XP level 15. HP: 140/140 MP: 14/14
 13572 | Shoals:2 | Noticed Ilsuiw
 13607 | Shoals:2 | Killed Ilsuiw
 13777 | Shoals:3 | Noticed Polyphemus
 13801 | Shoals:3 | Killed Polyphemus
 13887 | Shoals:3 | Noticed Donald
 13904 | Shoals:3 | Killed Donald
 13915 | Shoals:4 | Entered Level 4 of the Shoals
 14797 | Shoals:4 | Reached XP level 16. HP: 146/151 MP: 15/15
 14823 | Shoals:4 | Got a barnacled rune of Zot
 15022 | Snake:1  | Entered Level 1 of the Snake Pit
 15113 | Snake:2  | Reached skill level 17 in Axes
 15257 | Snake:2  | Reached skill level 10 in Evocations
 15310 | Snake:2  | Acquired the ring of Jerorar {rPois rC+ Int-3 SInv}
 15352 | Snake:4  | Entered Level 4 of the Snake Pit
 15471 | Snake:4  | Noticed Aizul
 15480 | Snake:4  | Killed Aizul
 15622 | Snake:4  | Reached XP level 17. HP: 162/162 MP: 17/17
 15664 | Snake:4  | Got a serpentine rune of Zot
 16143 | D:14     | Cast into level 4 of the Abyss (unwielding a weapon of
                  | distortion)
 16154 | Abyss:4  | Gained mutation: Your spells are a little easier to cast,
                  | but a little less powerful. [mutagenic glow]
 16166 | Abyss:4  | Gained mutation: You are dopey. (Int -2) [mutagenic glow]
 16186 | Abyss:4  | Lost mutation: Your spells are a little easier to cast, but
                  | a little less powerful. [mutagenic glow]
 16306 | Abyss:4  | Reached skill level 18 in Axes
 16339 | Abyss:4  | Got an abyssal rune of Zot
 16360 | D:14     | Escaped the Abyss
 16390 | Depths:1 | Entered Level 1 of the Depths
 16396 | Depths:1 | Noticed Nikola
 16409 | Depths:1 | Killed Nikola
 16447 | Depths:1 | Found a gateway to a ziggurat.
 16570 | Depths:1 | Noticed a tentacled monstrosity
 16585 | Depths:1 | Killed a tentacled monstrosity
 16763 | Depths:2 | Noticed Louise
 16790 | Depths:2 | Cast into level 2 of the Abyss (Louise)
 16804 | Depths:2 | Escaped the Abyss
 16816 | Depths:2 | Killed Louise
 16829 | Depths:2 | Found a one-way gate to the infinite horrors of the Abyss.
 16877 | Depths:2 | Paralysed by a floating eye for 2 turns
 16890 | Depths:2 | Noticed a lich
 16904 | Depths:2 | Killed a lich
 16929 | Depths:2 | Paralysed by a vampire knight for 6 turns
 16938 | Depths:2 | Gained mutation: You passively map a large area around you.
                  | [Deep Dwarf growth]
 16938 | Depths:2 | Reached XP level 18. HP: 138/174 MP: 17/17
 16974 | Depths:2 | Reached skill level 15 in Shields
 16985 | Depths:2 | Identified the +2 pair of boots of the Worm {rPois Int+2}
                  | (You found it on level 2 of the Depths)
 17097 | Depths:3 | Reached skill level 15 in Invocations
 17244 | Depths:3 | Found a gateway to Hell.
 17347 | Depths:3 | Found a one-way gate leading to the halls of Pandemonium.
 17362 | Depths:5 | Entered Level 5 of the Depths
 17362 | Depths:5 | Noticed a golden dragon
 17377 | Depths:5 | Killed a golden dragon
 17406 | Depths:5 | Noticed a golden dragon
 17426 | Depths:5 | Killed a golden dragon
 17441 | Depths:5 | Reached skill level 15 in Fighting
 17475 | Depths:5 | Reached skill level 15 in Armour
 17525 | Depths:5 | Noticed a bone dragon
 17528 | Depths:5 | Noticed a golden dragon
 17536 | Depths:5 | Killed a bone dragon
 17542 | Depths:5 | Killed a golden dragon
 17543 | Depths:5 | Found a gate to the Realm of Zot.
 17554 | Zot:1    | Entered Level 1 of the Realm of Zot
 17604 | Zot:1    | Reached XP level 19. HP: 180/186 MP: 17/17
 17922 | Zot:3    | Noticed a golden dragon
 17939 | Zot:3    | Killed a golden dragon
 18193 | Zot:4    | Noticed a golden dragon
 18198 | Zot:4    | Noticed a golden dragon
 18205 | Zot:4    | Killed a golden dragon
 18214 | Zot:4    | Killed a golden dragon
 18266 | Zot:5    | Entered Level 5 of the Realm of Zot
 18266 | Zot:5    | Noticed a curse toe
 18278 | Zot:5    | Killed a curse toe
 18361 | Zot:5    | Noticed an ancient lich
 18362 | Zot:5    | Noticed a golden dragon
 18368 | Zot:5    | Paralysed by an ancient lich for 7 turns
 18376 | Zot:5    | Killed an ancient lich
 18378 | Zot:5    | Noticed a Killer Klown
 18382 | Zot:5    | Killed a golden dragon
 18382 | Zot:5    | Reached XP level 20. HP: 187/201 MP: 3/18
 18422 | Zot:5    | Noticed an orb of fire
 18422 | Zot:5    | Noticed an orb of fire
 18424 | Zot:5    | Noticed an orb of fire
 18430 | Zot:5    | Got the Orb of Zot
 18433 | Zot:5    | HP: 7/201 [Orb Guardian (17)]
 18433 | Zot:5    | Mangled by an Orb Guardian

Illustrated notes

Levels and vault maps discovered:
D:1:      ncdulo_watergridlock, layout_basic
D:2:      layout_rooms, minmay_misc_feat_tiny, minmay_misc_feat_doors,
          feat_on_display
D:3:      layout_loops_ring, chequers_ecumenical_altar_island, st_stairs_5,
          uniq_jessica
D:4:      layout_rooms, uniq_crazy_yiuf_cottage
D:5:      layout_rooms, marbit_many_paths, serial_shops,
          nicolae_shop_behind_doors, st_stairs_8
D:6:      layout_loops_corners, chequers_temple_overflow_minitemple,
          uniq_duvessa, uniq_sigmund, uniq_menkaure
D:7:      layout_gridville, minmay_temple_entry_junction, serial_shops,
          shop_statue, eino_jars, uniq_prince_ribbit1, uniq_harold, uniq_joseph
D:8:      gammafunk_steamed_eel, layout_cave_pods, lair_entry_dummy
D:9:      layout_rooms, uniq_grum
D:10:     layout_loops_ring, erik_orc_4
D:11:     layout_roguey, hangedman_decor_growths
D:12:     layout_roguey, minmay_orc_keep
D:13:     layout_roguey, basic_altar
D:14:     layout_basic, david_vaults_1, enter_bailey_1, serial_bayou_lagoon_a,
          solitary_fountain, minmay_misc_feat_more_columns
D:15:     grunt_enter_depths_giant_problem, layout_gridville, elyvilon_altar_5,
          gammafunk_ghost_crypt, uniq_rupert
Temple:   kb_temple_of_zot
Lair:1:   layout_layer_cave, nicolae_lair_grove_arrangements, minivault_19,
          worms_lemuel
Lair:2:   layout_regular_city, minmay_lair_oklob_chamber,
          infiniplex_staircase_pool, serial_bayou_shore_b, uniq_maggie
Lair:3:   layout_layer_cave, minmay_shoals_entry_centaurs, columned_hall_lemuel,
          chequers_serial_rivers_small_3
Lair:4:   layout_regular_city, minmay_snake_entry_six_corridors, basic_altar,
          lemuel_fruit_fields
Shoals:1: layout_shoals, ebering_ghost_gozag, uniq_roxanne
Shoals:2: layout_shoals, uniq_ilsuiw
Shoals:3: layout_shoals, nicolae_shoals_stone_sculpture_thing,
          nicolae_shoals_mertower, uniq_donald, uniq_polyphemus
Shoals:4: shoals_end_simple, layout_shoals
Snake:1:  layout_grid_maze, serial_bayou_shore_a
Snake:2:  layout_grid_maze, serial_shops, nicolae_shop_behind_doors
Snake:3:  layout_layer_cave
Snake:4:  grunt_snake_rune_pools, layout_cave_town, st_stairs_6, drop_trap,
          serial_bayou_pond_d, grunt_ministairs_13, uniq_aizul, uniq_vashnia
Orc:1:    layout_caves, serial_shops, nicolae_shop_window_shopping, basic_altar,
          nicolae_volcano_entry_vermiform
Orc:2:    pf_orc_diabolical, layout_diamond_mine, uniq_sonja
Depths:1: layout_cave_shapes, enter_ziggurat_a, pf_coc_iceberg,
          minmay_microvault, uniq_saint_roka, uniq_nikola, uniq_bai_suzhen
Depths:2: hangedman_cross_cluster, layout_cave_shapes,
          nicolae_abyss_entry_one_way_or_another, nrook_mini_vaults, hell_entry,
          feat_on_display, serial_bayou_shore_b
Depths:3: giant_chief_lemuel, layout_cave_pools, pf_hell_entry_tar_river,
          hangedman_abyss_entry_splay, hangedman_glass_teeth, pan_entry,
          hangedman_summoners_spam, uniq_frederick
Depths:4: minmay_eyes, layout_basic, rand_demon_pan_entry_3, hell_entry,
          abyss_entry, uniq_mara
Depths:5: grunt_zot_entry_gee_three, layout_honeycomb, serial_shops,
          nicolae_shop_behind_doors, minmay_misc_feat_secret_circle, hell_entry,
          nicolae_good_shop
Zot:1:    hangedman_zot_vaults_quadrants, layout_onion, grunt_ministairs_4,
          st_stairs_2, kennysheep_underground_church
Zot:2:    layout_cellular_growth
Zot:3:    layout_gridlike
Zot:4:    layout_onion
Zot:5:    layout_misc_corridors

Skill      XL: |  1  2  3  4  5  6  7  8  9 10 11 12 13 14 15 16 17 18 19 |
---------------+----------------------------------------------------------+-----
Axes           | 3 4 5 6 8 10 11 12 14 15 16 17 18 | 18.0
Fighting       | 3 4 5 6 7 8 9 10 11 12 13 15 17 | 17.2
Armour         | 4 5 6 7 8 9 10 11 12 13 14 15 16 | 16.5
Shields        | 4 5 6 7 8 9 10 11 12 13 14 15 | 15.0
Invocations    | 3 6 8 9 10 11 12 13 14 16 17 | 17.8
Evocations     | 2 5 7 9 10 | 10.0
Dodging        | 1 4 6 7 9 |  9.2

Action                   |  1- 3 |  4- 6 |  7- 9 | 10-12 | 13-15 | 16-18 | 19-21 || total
-------------------------+-------+-------+-------+-------+-------+-------+-------++-------
Melee: War axe           |    52 |   105 |   108 |       |       |       |       ||   265
       Broad axe         |       |       |   144 |   614 |  1083 |   918 |   290 ||  3049
Invok: Lesser Servant of |       |       |       |       |     9 |     1 |     4 ||    14
       Greater Servant o |       |       |       |       |     3 |     7 |     7 ||    17
 Abil: Heal Wounds       |     1 |     3 |    16 |     5 |    10 |    13 |     7 ||    55
Evoke: Wand              |       |       |       |       |     1 |       |     1 ||     2
       Condenser vane    |       |       |       |       |       |     3 |       ||     3
  Use: Scroll            |       |       |    18 |    12 |     6 |    11 |     6 ||    53
       Potion            |       |       |       |       |       |     3 |     6 ||     9
 Stab: Distracted        |       |       |       |       |     4 |     3 |     7 ||    14
       Invisible         |       |       |       |       |       |       |     2 ||     2
Armor: Scale mail        |    31 |    45 |       |       |       |       |       ||    76
       Chain mail        |       |    20 |    90 |   333 |   153 |       |       ||   596
       Crystal plate arm |       |       |       |       |   368 |   625 |   132 ||  1125
       Storm dragon scal |       |       |       |       |       |       |    68 ||    68
Dodge: Dodged            |    25 |    40 |    69 |   193 |   456 |   320 |   111 ||  1214
Block: Kite shield       |    38 |    62 |   103 |   449 |   756 |   576 |   173 ||  2157
       Tower shield      |       |       |       |       |    74 |   122 |       ||   196

Table legend: (Time is in decaauts)
 A = Elapsed time spent in this place.
 B = Non-inter-level travel time spent in this place.
 C = Inter-level travel time spent in this place.
 D = Time resting spent in this place.
 E = Time spent auto-exploring this place.
 F = Levels seen in this place.
 G = Mean time per level.
                   A        B        C        D        E       F      G
               +--------+--------+--------+--------+--------+-----+--------+
         Total |  18098 |  15540 |   2558 |     73 |   9774 |  43 |  420.9 |
       Dungeon |   9189 |   7995 |   1194 |     20 |   5677 |  15 |  612.6 |
        Temple |     80 |     50 |     30 |      0 |     43 |   1 |   80.0 |
          Lair |   3118 |   2402 |    716 |      0 |   2006 |   4 |  779.5 |
        Shoals |   1884 |   1668 |    216 |      0 |    798 |   4 |  471.0 |
     Snake Pit |    726 |    520 |    206 |      0 |    101 |   4 |  181.5 |
  Orcish Mines |    767 |    643 |    124 |      0 |    375 |   2 |  383.5 |
        Depths |   1008 |    972 |     36 |      0 |    254 |   5 |  201.6 |
           Zot |    770 |    736 |     34 |     53 |    270 |   5 |  154.0 |
         Abyss |    215 |    215 |      0 |      0 |     88 |   2 |  107.5 |
        Bailey |    336 |    336 |      0 |      0 |    162 |   1 |  336.0 |
               +--------+--------+--------+--------+--------+-----+--------+

Top non-repeatable levels by time:
  Lair:3: 1314 daAuts
     D:6: 939 daAuts
Shoals:4: 927 daAuts
     D:8: 904 daAuts
     D:7: 882 daAuts
    D:11: 863 daAuts
  Lair:2: 840 daAuts
    D:14: 810 daAuts
    D:12: 760 daAuts
    D:10: 743 daAuts
     D:4: 737 daAuts
     D:5: 680 daAuts
     D:9: 611 daAuts
    D:15: 548 daAuts
Shoals:2: 542 daAuts
